 Dungeon Crawl Stone Soup version 0.24.1 (webtiles) character file.

Game seed: 1271138224921448016, levelgen mode: deterministic

13 Stormleaks the Sneak (level 2, 0/22 HPs)
             Began as a Vampire Assassin on Apr 6, 2020.
             Slain by a gnoll
             ... wielding a +0 halberd
              (4 damage)
             ... on level 2 of the Dungeon.
             The game lasted 00:07:58 (651 turns).

Stormleaks the Sneak (Vampire Assassin)              Turns: 651, Time: 00:07:59

Health: 0/22       AC:  4    Str: 10    XL:     2   Next: 24%
Magic:  2/2        EV: 12    Int: 13    God:
Gold:   61         SH:  0    Dex: 15    Spells: 1/1 levels left

rFire    . . .     SeeInvis +   a - +2 dagger
rCold    . . .     Gourm    .   (no shield)
rNeg     . . .     Faith    .   b - +0 robe
rPois    .         Spirit   .   (no helmet)
rElec    .         Reflect  .   c - +1 cloak
rCorr    .         Harm     .   (no gloves)
MR       .....                  (no boots)
Stlth    +++.......             (no amulet)
HPRegen  0.27/turn              (no ring)
MPRegen  0.08/turn              (no ring)

@: regenerating quickly
A: no food, fangs 3, see invisible, unbreathing
a: Exsanguinate


You were on level 2 of the Dungeon.
You were alive.

You visited 1 branch of the dungeon, and saw 2 of its levels.

You collected 61 gold pieces.

Inventory:

Hand Weapons
 a - a +2 dagger (weapon)
 k - a +0 short sword
Missiles
 d - 20 poisoned darts (quivered)
 e - 2 curare-tipped darts
Armour
 b - a +0 robe (worn)
 c - a +1 cloak (worn)
Scrolls
 n - a scroll of identify
Potions
 h - 2 potions of agility
 j - a potion of magic {unknown}
 l - a potion of degeneration {unknown}


   Skills:
 - Level 1.7 Fighting
 - Level 2.1 Short Blades
 - Level 1.5 Throwing
 - Level 1.1 Dodging
 * Level 6.9 Stealth


You had one spell level left.
You didn't know any spells.
Your spell library was empty.

Dungeon Overview and Level Annotations

Branches:
Dungeon (2/15)

Altars:
Xom


Innate Abilities, Weirdness & Mutations

You do not eat.
Your natural rate of healing is unusually fast.
You have razor-sharp teeth.
You have supernaturally acute eyesight. (SInv)
You can survive without breathing.


Message History

You completely miss the gnoll.
The gnoll is moderately wounded.
The gnoll hits you with a +0 halberd.
You completely miss the gnoll.
The gnoll is moderately wounded.
The gnoll hits you with a +0 halberd.
* * * LOW HITPOINT WARNING * * *
The gnoll shouts!
The gnoll completely misses you. The gnoll hits you but does no damage.
The gnoll barely misses you.
You hit the gnoll but do no damage. The gnoll hits you but does no damage.
You hit the gnoll.
The gnoll is moderately wounded.
The gnoll completely misses you.
You hit the gnoll.
The gnoll is heavily wounded.
The gnoll hits you with a +0 halberd.
* * * LOW HITPOINT WARNING * * *
The gnoll hits you from afar with a +0 halberd.
You die...

.#..gg...#..#.#.# #.#
##.##.##.##############.#
###...######.#.......#.#####
##g## #..##.######.......#
####..g####...#.## ###.###.#
.....#...g....##g## ##.# #.#
##..###..####...#.####..###.#
.....#.........g##g##.....#.##
####...####..##.@.#†#.###....#
##.##....#####.###.# #....#
.....#############.#≈#....#
............#...##..#≈##._.#
#### ####......##.....≈.#...#
#### #.......##.....≈.##.##
..... #.......####.#.≈.##.#
......#.......## #†####...#
.......<...(...###.#.# #.##


You could see 2 gnolls.

Vanquished Creatures
  A giant cockroach (D:2)
  2 hobgoblins (D:1)
  3 bats
  A frilled lizard (D:2)
  2 goblins (D:1)
  2 kobolds (D:1)
  4 rats
15 creatures vanquished.

Notes
Turn   | Place    | Note
-------+----------+-------------------------------------------
     0 | D:1      | Stormleaks the Vampire Assassin began the quest for the
                  | Orb.
     0 | D:1      | Reached XP level 1. HP: 16/16 MP: 1/1
   139 | D:1      | Reached skill level 6 in Stealth
   297 | D:1      | Reached XP level 2. HP: 22/22 MP: 2/2
   423 | D:2      | Found a shimmering altar of Xom.
   651 | D:2      | Slain by a gnoll

Levels and vault maps discovered:
D:1:      arrival_zaba_pyramid, layout_basic
D:2:      wad_crossroads, layout_rooms, grunt_temple_overflow_open,
          chequers_serial_rivers_micro_b, brannock_xom_greatest_gift

Skill      XL: |  1 |
---------------+----+-----
Stealth        | 6 |  6.9
Fighting       | |  1.7
Short Blades   | |  2.1
Throwing       | |  1.5
Dodging        | |  1.1

Action                   || total
-------------------------++-------
Melee: Dagger            ||    49
       Bite              ||     2
  Use: Scroll            ||     5
 Stab: Sleeping          ||     6
Armor: Robe              ||    25
Dodge: Dodged            ||    46
